 Dungeon Crawl Stone Soup version 0.30.0-30-g96aa6591b8 (webtiles) character file.

Game seed: 10929777412408841541

24156 cdecastro the Spry (level 13, -2/91 HPs)
             Began as a Merfolk Summoner on June 30, 2023.
             Was a Follower of Uskayaw.
             Slain by a steelbarb worm (shapeshifter) (22 damage)
             ... on level 13 of the Dungeon.
             The game lasted 01:11:32 (20192 turns).

cdecastro the Spry (Merfolk Summoner)              Turns: 20192, Time: 01:11:33

Health: -2/91      AC: 12    Str:  8    XL:     13   Next: 11%
Magic:  8/17       EV: 21    Int: 16    God:    Uskayaw [*.....]
Gold:   211        SH:  0    Dex: 18    Spells: 7/16 levels left

rFire   . . .        W - +5 short sword (protect)
rCold   . . .        (no shield)
rNeg    . . .        Q - +3 leather armour {rPois}
rPois   +            G - +0 hat
rElec   .            (no cloak)
rCorr   .            R - +1 pair of gloves
SInv    .            (no boots)
Will    +....        i - amulet of the acrobat
Stlth   ++++         x - +4 ring of protection
HPRegen 0.35/turn    S - ring of willpower
MPRegen 0.15/turn

%: acrobat
@: spiked
A: (nimble swimmer 2), mertail
a: Renounce Religion, Stomp


You were on level 13 of the Dungeon.
You worshipped Uskayaw.
Uskayaw was noncommittal.
You visited 1 branch of the dungeon, and saw 13 of its levels.
You also visited: Sewer.

You collected 1048 gold pieces.
You spent 837 gold pieces at shops.

Inventory:

Hand Weapons
 E - a +2 short sword of holy wrath
 W - a +5 short sword of protection (weapon)
 X - the +3 scimitar of Timuhor {venom, rElec rN+++ rCorr Str-5 Int-5}
   (You bought it in a shop on level 3 of the Dungeon)

   Str:       It affects your strength (-5).
   Int:       It affects your intelligence (-5).
   rElec:     It insulates you from electricity.
   rN:        It renders you almost immune to negative energy.
   rCorr:     It protects you from acid and corrosion.
 Y - a +3 double sword of draining
 Z - a +4 scimitar of flaming
Missiles
 p - 56 poisoned darts
 r - 2 datura-tipped darts
 s - a throwing net
 D - 12 curare-tipped darts
 J - 6 atropa-tipped darts
Armour
 G - a +0 hat (worn)
 P - a +1 scale mail of willpower
 Q - a +3 leather armour of poison resistance (worn)
 R - a +1 pair of gloves (worn)
 U - a +0 troll leather armour
Magical Staves
 I - a staff of earth
Jewellery
 i - an amulet of the acrobat (around neck)
 q - a ring of flight
 v - a ring of protection from cold
 x - a +4 ring of protection (left hand)
 O - a ring of positive energy
 S - a ring of willpower (right hand)
Wands
 H - a wand of acid (5)
 T - a wand of flame (28)
 V - a wand of iceblast (5)
Scrolls
 f - 8 scrolls of teleportation
 g - a scroll of silence {unknown}
 j - 4 scrolls of amnesia
 m - 2 scrolls of magic mapping {unknown}
 o - 2 scrolls of acquirement {unknown}
 u - a scroll of brand weapon {unknown}
 w - 2 scrolls of noise {unknown}
 y - a scroll of butterflies {unknown}
 z - 2 scrolls of fog {unknown}
 A - 4 scrolls of enchant armour {unknown}
 B - 3 scrolls of blinking {unknown}
 K - a scroll of poison {unknown}
 N - 2 scrolls of immolation {unknown}
Potions
 a - a potion of flight
 b - 2 potions of magic
 c - 2 potions of attraction
 e - 5 potions of heal wounds
 h - a potion of brilliance
 k - 4 potions of invisibility
 l - 5 potions of curing
 n - 3 potions of lignification
 t - 4 potions of might
 C - 2 potions of cancellation
 F - 2 potions of haste
 L - 2 potions of resistance
 M - 2 potions of mutation


   Skills:
 - Level 5.1 Fighting
 - Level 10.0 Short Blades
 - Level 6.0 Throwing
 + Level 16.3 Dodging
 * Level 8.1 Stealth
 - Level 2.0 Spellcasting
 - Level 11.3 Summonings
 - Level 6.4 Invocations


You had 7 spell levels left.
You knew the following spells:

 Your Spells              Type           Power      Damage    Failure   Level
a - Summon Small Mammal   Summ           100%       N/A       1%          1
b - Call Imp              Summ           74%        N/A       1%          2
c - Call Canine Familiar  Summ           37%        N/A       1%          3
d - Summon Guardian Gole  Hex/Summ       19%        N/A       9%          3

Your spell library contained the following spells:

 Spells                   Type           Power      Damage    Failure   Level
 Apportation              Tloc           2%         N/A       30%         1
 Necrotise                Necr           4%         1d4       30%         1
 Shock                    Conj/Air       4%         1d3       30%         1
 Slow                     Hex            4%         N/A       30%         1
 Summon Ice Beast         Ice/Summ       19%        N/A       30%         4
 Summon Lightning Spire   Summ/Air       19%        N/A       30%         4
 Sublimation of Blood     Necr           1%         N/A       41%         2
 Wereblood                Tmut           1%         N/A       41%         2
 Confusing Touch          Hex            1%         N/A       65%         3
 Dazzling Flash           Conj/Hex       2%         N/A       65%         3
 Frozen Ramparts          Ice            2%         1d1       65%         3
 Ignite Poison            Fire/Tmut/Pois 1%         N/A       65%         3
 Swiftness                Air            1%         N/A       65%         3
 Vampiric Draining        Necr           1%         2d6       65%         3
 Volatile Blastmotes      Fire/Tloc      2%         2d10      65%         3
 Summon Hydra             Summ           18%        N/A       94%         7
 Airstrike                Air            0%         2d(1-17)  96%         4
 Ice Form                 Ice/Tmut       1%         N/A       96%         4
 Iskenderun's Mystic Bla  Conj/Tloc      1%         2d3       96%         4
 Leda's Liquefaction      Hex/Erth       0%         N/A       96%         4
 Sticky Flame             Conj/Fire      1%         2d3       96%         4
 Agony                    Necr           1%         N/A       100%        5
 Blade Hands              Tmut           0%         N/A       100%        5
 Irradiate                Conj/Tmut      0%         3d11      100%        5
 Lee's Rapid Deconstruct  Erth           0%         3d4*      100%        5
 Silence                  Hex/Air        0%         N/A       100%        5
 Starburst                Conj/Fire      0%         6d3       100%        6
 Statue Form              Tmut/Erth      0%         N/A       100%        6
 Dragon Form              Tmut           0%         N/A       100%        7
 Ignition                 Fire           0%         3d3       100%        8


Dungeon Overview and Level Annotations

Branches:
Dungeon (13/15)              Lair (0/5) D:8             Orc (0/2) D:12
  Sewer (visited)
 Temple: D:4-7       Vaults: D:13-14

Altars:
Ashenzari
Elyvilon
Gozag
Makhleb
Nemelex Xobeh
Qazlal
Uskayaw
Xom
Zin

Shops:
D:3 (   D:8 *   D:13 *

Portals:
Trove: D:11 (give +6 ice dragon scales)

Annotations:
D:11 2 transporters, exclusion: oklob plant, Dordric's ghost, journeyman BaIE; Lodul
D:13 3 runed translucent doors, exclusion: obsidian statue, Adaovve's ghost, journeyman TrFi; Azrael


Innate Abilities, Weirdness & Mutations

((You are very nimble when in or above water. (Stealth+, EV+, Speed+++)))
Your lower body shifts to a powerful aquatic tail in water.


Message History

Unknown command.
You barely miss the steelbarb worm.
The steelbarb worm is moderately wounded.
Your hound bites the steelbarb worm but does no damage.
The steelbarb worm hits you!
* * * LOW HITPOINT WARNING * * *
Barbed spikes become lodged in your body.
Your cerulean imp hits the steelbarb worm but does no damage.
Unknown command.
The barbs in your skin will harm you if you move.
Continue?
The barbed spikes dig painfully into your body as you move.
* * * LOW HITPOINT WARNING * * *
Your hound bites the steelbarb worm but does no damage.
The steelbarb worm barely misses your hound.
Your cerulean imp hits the steelbarb worm from afar with a -1 spear.
Aiming: Iceblast
Press: ? - help, Shift-Dir - straight line
Okay, then.
Unknown command.
As you read the scroll of identify, it crumbles to dust.
j - 4 scrolls of amnesia Your hound bites the steelbarb worm but does no damage.
The steelbarb worm closely misses your hound.
Your hound completely misses the steelbarb worm.
Your cerulean imp barely misses the steelbarb worm.
The steelbarb worm hits your hound!
Your hound is skewered by barbed spikes.
Your hound bites the steelbarb worm.
Your cerulean imp hits the steelbarb worm but does no damage.
Unknown command.
Your hound bites the steelbarb worm but does no damage.
The steelbarb worm hits your hound!!
Your hound dies!
Your hound's corpse disappears in a puff of smoke!
Your cerulean imp hits the steelbarb worm but does no damage.
Unknown command.
Casting: Summon Guardian Golem (dangerous; 9% risk of failure)
Confirm with . or Enter, or press ? or * to list all spells.
The steelbarb worm hits you!!
You die...

#........# #........# #........#
#### #........## #.8∩8
######..(......### .....$
#...#.........)..## 8.$8$.
#......h.......#..## ∩.$_VW
#........9..)).##..##
#$$QRo##.......@w..(..###..###
##+++##.##.....5.......###...##
.........##.........##.#####p.##
.........###.......###..#####...
###.###..# ####.#### ##...##....
#......# #..# ###....###
#####..# ##..# ###..### #..#
#...## #....## #..# #.#..##
######.


You could see a steelbarb worm (ally target), a friendly guardian golem
(summoned), a friendly hound (summoned) and a friendly cerulean imp (summoned,
sheltered).

Vanquished Creatures
  2 two-headed ogres
  A boulder beetle (D:12)
  A tengu warrior (D:13)
  Sonja (D:12)
  A manticore (D:11)
  A cyclops (D:11)
  An unseen horror (D:13)
  3 kobold demonologists
  An efreet (D:13)
  2 trolls
  Grinder (D:6)
  6 slime creatures
  2 shadows
  7 yaks
  4 wyverns
  10 vampire mosquitoes
  A warg (D:12)
  A hell hound (D:12)
  2 water moccasins (D:8)
  3 orc warriors
  2 sky beasts
  A black bear (D:8)
  An ogre (D:12)
  2 wolves
  An ogre (shapeshifter) (D:13)
  4 centaurs
  2 lemures (D:4)
  3 kobold brigands (D:12)
  3 bullfrogs
  A gnoll sergeant (D:8)
  A scorpion (D:6)
  A howler monkey (D:9)
  3 crimson imps (D:3)
  2 hounds (D:5)
  2 jellies
  6 orc priests
  4 iguanas
  A sleepcap (D:5)
  6 orc wizards
  A hound skeleton (D:3)
  9 adders
  8 gnolls
  13 river rats
  A white imp (D:5)
  An ufetubus (D:3)
  2 adder skeletons (D:3)
  3 worms
  2 dart slugs
  40 orcs
  9 endoplasms
  5 giant cockroaches
  7 goblins
  7 hobgoblins
  5 jackals
  5 quokkas
  7 ball pythons
  A ball python zombie (D:3)
  A bat (D:2)
  3 frilled lizards
  A giant cockroach zombie (D:3)
  19 kobolds
  A quokka zombie (D:3)
  14 rats
262 creatures vanquished.

Vanquished Creatures (collateral kills)
  A vault guard (D:13)
  A cyclops (D:13)
  A troll (D:10)
  Sigmund (D:5)
  A slime creature (D:12)
  A vampire (D:11)
  2 yaks
  2 fire elementals (D:12)
  An acid dragon (D:13)
  A black bear (D:8)
  A water moccasin (D:7)
  2 lemures (D:3)
  A kobold brigand (D:11)
  A gnoll sergeant (D:9)
  2 scorpions (D:5)
  A killer bee (D:11)
  A howler monkey (D:6)
  A crimson imp (D:3)
  2 jellies
  4 orc priests
  2 hounds
  A sleepcap (D:4)
  Jessica (D:3)
  A scorpion zombie (D:3)
  4 orc wizards
  4 gnolls
  7 adders
  A shadow imp (D:5)
  An ufetubus (D:4)
  An adder skeleton (D:3)
  A worm (D:4)
  24 orcs
  A giant cockroach (D:4)
  7 hobgoblins
  A jackal (D:1)
  2 kobolds
  A ball python (Sewer)
  2 frilled lizards (Sewer)
  6 rats
96 creatures vanquished.

Vanquished Creatures (others)
  A centaur warrior (D:13)
  A two-headed ogre (D:11)
  Pikel (D:4)
  2 cyclopes
  Joseph (D:8)
  A gargoyle (D:12)
  2 tengu conjurers (D:8)
  3 trolls
  4 slime creatures (D:12)
  A wyvern (D:8)
  5 yaks
  Grum (D:10)
  A vampire mosquito (D:12)
  4 orc warriors
  3 ogres (D:11)
  4 wolves
  2 centaurs (D:13)
  2 kobold brigands
  A gnoll sergeant (D:7)
  6 killer bees
  4 orc wizards
  3 gnolls
  4 orcs
  A goblin (D:12)
  A butterfly (D:4)
59 creatures vanquished.

Grand Total: 417 creatures vanquished

Notes
Turn   | Place    | Note
-------+----------+-------------------------------------------
     0 | D:1      | cdecastro the Merfolk Summoner began the quest for the Orb.
     0 | D:1      | Reached XP level 1. HP: 13/13 MP: 3/3
   379 | D:1      | Found a faded altar of an unknown god.
   525 | D:1      | Reached skill level 3 in Dodging
   525 | D:1      | Reached XP level 2. HP: 14/19 MP: 5/5
  1182 | D:2      | Reached XP level 3. HP: 15/24 MP: 6/6
  1354 | D:2      | Learned a level 2 spell: Call Imp
  1358 | D:2      | Learned a level 3 spell: Call Canine Familiar
  1823 | D:2      | Reached skill level 5 in Summonings
  2212 | D:2      | Reached XP level 4. HP: 17/30 MP: 7/7
  2412 | D:2      | Reached skill level 4 in Dodging
  2888 | D:3      | Found a hide-covered altar of Uskayaw.
  2892 | D:3      | Noticed a +0 hand axe
  2893 | D:3      | Noticed a +0 dagger
  3033 | D:3      | Reached XP level 5. HP: 21/35 MP: 5/8
  3114 | D:3      | Became a worshipper of Uskayaw the Reveller
  3142 | D:3      | Reached * piety under Uskayaw
  3344 | D:3      | Found a shimmering altar of Xom.
  3363 | D:3      | Reached ** piety under Uskayaw
  3371 | D:3      | Reached *** piety under Uskayaw
  3376 | D:3      | Reached skill level 5 in Dodging
  3515 | D:3      | Reached XP level 6. HP: 41/41 MP: 2/9
  3925 | D:3      | Noticed Jessica
  3943 | D:3      | Killed Jessica
  3949 | D:3      | Found Xera's Antique Weapon Boutique.
  3974 | D:3      | Found a glowing silver altar of Zin.
  4479 | D:4      | Reached XP level 7. HP: 40/46 MP: 6/10
  4536 | D:4      | Reached skill level 6 in Dodging
  4599 | D:4      | Learned a level 3 spell: Summon Guardian Golem
  4653 | D:4      | Found a glowing drain.
  4673 | Sewer    | Entered a sewer
  5269 | Sewer    | Reached skill level 7 in Dodging
  5435 | D:4      | Noticed Pikel
  5779 | D:4      | Reached skill level 5 in Stealth
  5779 | D:4      | Reached XP level 8. HP: 44/52 MP: 8/11
  5811 | D:4      | Found a white marble altar of Elyvilon.
  6054 | D:4      | Killed Pikel
  6055 | D:4      | Reached skill level 8 in Dodging
  6422 | D:5      | Entered Level 5 of the Dungeon
  6503 | D:5      | Noticed Sigmund
  6596 | D:4      | Reached skill level 5 in Short Blades
  6946 | D:5      | Noticed a kobold demonologist
  7261 | D:5      | Reached XP level 9. HP: 42/57 MP: 10/12
  7762 | D:6      | Found a sparkling altar of Nemelex Xobeh.
  7762 | D:6      | Found a stormy altar of Qazlal.
  7762 | D:6      | Found a broken altar of Ashenzari.
  7932 | D:6      | Reached skill level 9 in Dodging
  8227 | D:6      | Noticed Grinder
  8315 | D:6      | Paralysed by Grinder for 2 turns
  8335 | D:6      | Killed Grinder
  9271 | D:7      | You fall into a shaft and drop 2 floors!
  9302 | D:9      | Reached skill level 10 in Dodging
  9522 | D:8      | Noticed Joseph
  9544 | D:8      | Killed Joseph
  9545 | D:8      | Reached skill level 10 in Short Blades
  9696 | D:8      | Reached XP level 10. HP: 23/63 MP: 10/13
  9698 | D:8      | Reached skill level 11 in Dodging
 11087 | D:8      | Reached skill level 12 in Dodging
 11212 | D:8      | Found a staircase to the Lair.
 11444 | D:8      | Found Geul's Overcharged Wands.
 11965 | D:9      | Found a burning altar of Makhleb.
 12253 | D:10     | Entered Level 10 of the Dungeon
 12333 | D:10     | Reached XP level 11. HP: 62/68 MP: 10/14
 12453 | D:10     | Noticed Grum
 12457 | D:10     | Killed Grum
 12459 | D:10     | Reached skill level 10 in Summonings
 12963 | D:10     | Noticed a sea snake
 13005 | D:10     | Reached skill level 13 in Dodging
 13117 | D:10     | Noticed a sea snake
 13458 | D:11     | Noticed a manticore
 13458 | D:11     | Found a portal to a secret trove of treasure.
 13459 | D:11     | Killed a manticore
 13484 | D:11     | Noticed a cyclops
 13505 | D:11     | Killed a cyclops
 13719 | D:11     | Noticed a cyclops
 13740 | D:11     | Killed a cyclops
 13894 | D:11     | Noticed Lodul
 13901 | D:11     | Noticed a six-headed hydra
 14044 | D:11     | HP: 3/68 [centaur/arrow (6)]
 14364 | D:11     | Found a transporter.
 14367 | D:11     | Noticed an oklob plant
 14369 | D:11     | Found a transporter.
 14376 | D:11     | Noticed Dordric's ghost (journeyman BaIE)
 14379 | D:11     | Noticed a two-headed ogre
 14403 | D:11     | Killed a two-headed ogre
 14515 | D:11     | Noticed a cyclops
 14522 | D:11     | Noticed a two-headed ogre
 14752 | D:11     | Identified the +0 leather armour of Jotumm {Int+3}
 14798 | D:11     | Reached skill level 14 in Dodging
 14909 | D:11     | Noticed a two-headed ogre
 14930 | D:11     | Killed a two-headed ogre
 15355 | D:11     | Reached skill level 5 in Fighting
 15412 | D:11     | Reached skill level 1 in Invocations
 15412 | D:11     | Reached XP level 12. HP: 66/86 MP: 12/15
 15643 | D:12     | Reached **** piety under Uskayaw
 15647 | D:12     | Found a staircase to the Orcish Mines.
 15647 | D:12     | Noticed a two-headed ogre
 16586 | D:12     | Reached skill level 5 in Invocations
 16650 | D:12     | Reached skill level 15 in Dodging
 16670 | D:12     | Reached ***** piety under Uskayaw
 17133 | D:12     | Noticed a boulder beetle
 17135 | D:12     | Killed a boulder beetle
 17365 | D:5      | Killed Sigmund
 17409 | D:3      | Bought a pitted scimitar for 279 gold pieces
 17409 | D:3      | Identified the +3 scimitar of Timuhor {venom, rElec rN+++
                  | rCorr Str-5 Int-5} (You bought it in a shop on level 3 of
                  | the Dungeon)
 17409 | D:3      | Bought a runed double sword for 558 gold pieces
 17456 | D:5      | Reached skill level 1 in Throwing
 18172 | D:12     | Killed a two-headed ogre
 18322 | D:12     | Noticed Sonja
 18342 | D:12     | Killed Sonja
 18722 | D:13     | Found a runed translucent gate.
 18722 | D:13     | Found an opulent altar of Gozag.
 18723 | D:13     | Found a runed translucent gate.
 18723 | D:13     | Found a runed translucent gate.
 18723 | D:13     | Found Urugas's Assorted Antiques.
 18724 | D:13     | Noticed Adaovve's ghost (journeyman TrFi)
 18725 | D:13     | Noticed a vampire knight
 18836 | D:13     | Reached skill level 5 in Throwing
 18873 | D:13     | Noticed Azrael
 19111 | D:13     | Noticed a centaur warrior
 19132 | D:13     | Killed a centaur warrior
 19133 | D:13     | Reached skill level 16 in Dodging
 19144 | D:13     | Reached XP level 13. HP: 47/91 MP: 2/17
 19889 | D:13     | Noticed a vault guard
 19964 | D:13     | Killed a vault guard
 20192 | D:13     | Slain by a steelbarb worm (shapeshifter)

Illustrated notes

Levels and vault maps discovered:
D:1:      scummos_arrival_star, layout_basic, shapermc_ecumenical_altar_ellora,
          dreamdust_wishing_well
D:2:      layout_loops_ring, serial_aquarium, aquarium_bridge_square
          [aquarium_subvault_bridge, aquarium_subvault_window,
          aquarium_subvault_wall, aquarium_subvault_bridge], aquarium_window_1,
          aquarium_window_2, aquarium_window_fake, aquarium_window_fake,
          aquarium_view_2e, aquarium_balcony_3b, aquarium_pool_corner
D:3:      layout_loops_cross, zin_academy, dancing_weapons_uskayaw,
          led_xom_imps, serial_shops, nicolae_shop_dealshenge, serial_undead,
          serial_undead_b, serial_undead_c, serial_undead_e, serial_undead_c,
          serial_undead_b, serial_undead_a, serial_undead_f, grunt_decor_cap,
          uniq_jessica
D:4:      layout_loops_ring, nicolae_elyvilon_peaceful_grove,
          gup_sewer_entry_bubbles, item_on_display_b, uniq_pikel
D:5:      minmay_opposing_rooms, layout_loops_ring, kennysheep_dice,
          uniq_sigmund
D:6:      layout_basic, chequers_temple_overflow_statue_of_worship, uniq_grinder
D:7:      layout_basic, minmay_temple_entry_metal_lava
D:8:      layout_basic, minmay_lair_entry_grove, nicolae_shop_overcharged_wands,
          uniq_joseph
D:9:      layout_cave_pools, lightli_temple_of_fire
D:10:     layout_roguey, serial_aquarium, aquarium_bridge_straight
          [aquarium_subvault_bridge, aquarium_subvault_wall,
          aquarium_subvault_bridge, aquarium_subvault_window],
          aquarium_bridge_square [aquarium_subvault_bridge,
          aquarium_subvault_bridge, aquarium_subvault_window,
          aquarium_subvault_balcony], aquarium_window_1,
          aquarium_window_corridor_3, aquarium_window_1, aquarium_view_2b,
          aquarium_balcony_3a, aquarium_pool_split, corexii_corridor_pit,
          uniq_grum
D:11:     layout_stronghold, nicolae_trove_entry_free_sample, nzn_ghost_randoct,
          uniq_lodul
D:12:     layout_loops_ring, erik_orc_3, uniq_sonja
D:13:     layout_rooms, david_vaults_5, ebering_ghost_gozag,
          dreamdust_mushroom_princess, uniq_azrael

Skill      XL: |  1  2  3  4  5  6  7  8  9 10 11 12 13 |
---------------+----------------------------------------+-----
Dodging        | 3 4 5 7 8 10 12 14 16 | 16.3
Summonings     | 5 6 7 9 11 | 11.3
Stealth        | 5 6 7 8 |  8.1
Short Blades   | 6 10 | 10.0
Fighting       | 5 |  5.1
Invocations    | 1 6 |  6.4
Throwing       | 5 6 |  6.0
Spellcasting   | |  2.0

Action                     |  1- 3 |  4- 6 |  7- 9 | 10-12 | 13-15 || total
---------------------------+-------+-------+-------+-------+-------++-------
  Melee: Short sword       |   162 |   198 |   469 |   671 |   115 ||  1615
         Club              |     6 |       |       |       |       ||     6
         Unarmed           |     2 |       |       |       |       ||     2
         Punch             |     2 |       |     9 |     9 |     2 ||    22
         Tailslap          |       |       |    13 |       |       ||    13
   Cast: Summon Small Mamm |    15 |    12 |       |       |       ||    27
         Call Imp          |     1 |    16 |    16 |    29 |     2 ||    64
         Call Canine Famil |       |     8 |    34 |    70 |     6 ||   118
         Summon Guardian G |       |       |    12 |    48 |     2 ||    62
 Invoke: Line Pass         |       |       |       |       |     1 ||     1
    Use: Scroll            |       |       |       |    13 |     1 ||    14
   Stab: Distracted        |     1 |     1 |     5 |     8 |     1 ||    16
         Sleeping          |     4 |     2 |     8 |     8 |     1 ||    23
         Paralysed         |       |     1 |     3 |    11 |       ||    15
         Confused          |       |       |       |       |     1 ||     1
 Armour: Robe              |    15 |    21 |    62 |     2 |       ||   100
         Leather armour    |       |       |       |    99 |    32 ||   131
  Dodge: Dodged            |   131 |   207 |   401 |   570 |    71 ||  1380
